 Dungeon Crawl Stone Soup version 0.31.0-11-ge490571c62 (webtiles) character file.

Game seed: 4346201989501044963

1289 hawla the Magician (level 8, -6/41 HPs)
             Began as a Deep Elf Conjurer on Feb 4, 2024.
             Mangled by Duvessa
             ... wielding a +0 rapier of venom
              (10 damage)
             ... on level 5 of the Dungeon.
             The game lasted 00:13:57 (6287 turns).

hawla the Magician (Deep Elf Conjurer)              Turns: 6287, Time: 00:13:58

Health: -6/41      AC:  5    Str: 10    XL:     8   Next: 30%
Magic:  14/20      EV: 12    Int: 26    God:
Gold:   120        SH:  4    Dex: 13    Spells: 14/21 levels left

rFire   + + .        t - +1 dagger (venom)
rCold   + . .        e - +0 buckler
rNeg    . . .        a - +0 robe
rPois   +            (helmet restricted)
rElec   +            n - +0 cloak
rCorr   +            k - +0 pair of gloves
SInv    .            s - +0 pair of boots
Will    .....        (no amulet)
Stlth   ++           f - ring of protection from fire
HPRegen 0.26/turn    u - +6 ring of strength
MPRegen 0.17/turn

%: no passive effects
@: resistant, attractive, very slightly contaminated
A: horns 1, talons 1
a: no special abilities


You were on level 5 of the Dungeon.
You visited 1 branch of the dungeon, and saw 5 of its levels.

You collected 120 gold pieces.

Inventory:

Hand Weapons
 t - a +1 dagger of venom (weapon)
Armour
 a - a +0 robe (worn)
 e - a +0 buckler (worn)
 k - a +0 pair of gloves (worn)
 n - a +0 cloak (worn)
 s - a +0 pair of boots (worn)
Jewellery
 f - a ring of protection from fire (left hand)
 h - a ring of protection from fire
 p - a ring of willpower
 u - a +6 ring of strength (right hand)
 v - a ring of see invisible
Scrolls
 i - 2 scrolls of vulnerability
 l - a scroll of fog
 x - a scroll of immolation {unknown}
Potions
 d - a potion of brilliance
 o - a potion of curing
 r - a potion of heal wounds {unknown}
 w - a potion of might


   Skills:
 - Level 0.3 Fighting
 - Level 0.5(0.6) Short Blades
 - Level 0.3(0.5) Long Blades
 - Level 2.6 Dodging
 - Level 2.6 Stealth
 - Level 7.0 Spellcasting
 - Level 6.0 Conjurations
 - Level 3.0 Translocations
 - Level 2.0 Earth Magic
 - Level 5.0 Evocations
 + Level 4.6 Shapeshifting


You had 14 spell levels left.
You knew the following spells:

 Your Spells              Type           Power      Damage    Failure   Level
a - Magic Dart            Conj           100%       1d8       1%          1
b - Searing Ray           Conj           80%        2d7       1%          2
c - Iskenderun's Mystic   Conj/Tloc      32%        2d8       14%         4

Your spell library contained the following spells:

 Spells                   Type           Power      Damage    Failure   Level
 Passwall                 Erth           19%        N/A       12%         3
 Ensorcelled Hibernation  Hex/Ice        18%        N/A       14%         2
 Fulminant Prism          Conj/Alch      12%        3d8       26%         4
 Swiftness                Air            9%         N/A       28%         3


Dungeon Overview and Level Annotations

Branches:
Dungeon (5/15)             Temple (0/1) D:5

Altars:
Fedhas
Okawaru
Sif Muna
Wu Jian
Yredelemnul
The Shining One

Shops:
D:1 [

Annotations:
D:5 Duvessa


Innate Abilities, Weirdness & Mutations

You have a pair of small horns on your head.
You have sharp toenails.


Message History

You miscast Iskenderun's Mystic Blast.
You are very lightly contaminated with residual magic.
Nothing appears to happen.
Duvessa hits you with a +0 rapier of venom.
You are poisoned.
The phantom hits you but does no damage.
Duvessa hits you with a +0 rapier of venom!
You are more poisoned.
Unknown command.
You feel very sick. The phantom hits you.
The phantom blinks!
You blink.
You feel very sick.
The phantom hits you but does no damage.
* * * LOW HITPOINT WARNING * * *
You feel very sick. The phantom attacks as it pursues you!
The phantom barely misses you.
It was a potion of resistance.
You feel protected.
* * * LOW HITPOINT WARNING * * *
You feel sick.
The phantom hits you but does no damage.
Duvessa rages.
It was a potion of curing.
You feel better. The phantom hits you.
As you read the scroll labelled UPEOPI SOLLUIZ, it crumbles to dust.
It is a scroll of enchant weapon.
Your +0 dagger of venom glows red for a moment.
Duvessa barely misses you. The phantom hits you.
* * * LOW HITPOINT WARNING * * *
Duvessa completely misses you.
You hit Duvessa but do no damage.
Duvessa is poisoned.
Your headbutt misses Duvessa.
Duvessa is lightly wounded.
The phantom closely misses you. You block Duvessa's attack.
It was a potion of attraction.
You feel attractive to monsters.
Duvessa hits you with a +0 rapier of venom.
* * * LOW HITPOINT WARNING * * *
The phantom completely misses you.
Duvessa hits you with a +0 rapier of venom!
You die...

#. #e.......###.## .
#..##.........## # #####
#..#...........# ##888##
##..#......?....## #8...8#
#.........##..#... #8.>.8#
#.........##....## #8...8#
###.#....##.###.#.#
##8.8####..e#.##.##.###.#.##
##.......#@W....##..).....#
###########.######....<..#
#.# #.......# #.# #.......#
##.## #.......# #...#
##....รท..# ##.## #........#
#.# #.#####.##
#.#####.#.....#


You could see Duvessa (berserk, very poisoned) and a phantom.

Vanquished Creatures
  Prince Ribbit (D:5)
  A black bear (D:5)
  A phantom (D:4)
  A gnoll sergeant (D:5)
  2 scorpions (D:4)
  Dowan (D:5)
  2 bombardier beetles
  5 hounds
  2 jellies
  A gnoll bouda (D:5)
  An orc priest (D:4)
  3 orc wizards
  An iguana (D:5)
  8 adders
  10 gnolls
  2 ufetubi (D:5)
  3 ribbon worms
  6 orcs
  4 bats
  9 endoplasms
  5 giant cockroaches
  5 goblins
  5 hobgoblins
  5 jackals
  3 quokkas
  8 ball pythons
  A frilled lizard (D:2)
  3 kobolds
  5 rats
104 creatures vanquished.

Vanquished Creatures (others)
  A kobold (D:3)
1 creature vanquished.

Grand Total: 105 creatures vanquished

Notes
Turn   | Place    | Note
-------+----------+-------------------------------------------
     0 | D:1      | hawla the Deep Elf Conjurer began the quest for the Orb.
     0 | D:1      | Reached XP level 1. HP: 10/10 MP: 6/6
   761 | D:1      | Found Bicoquk's Antique Armour Shoppe.
   837 | D:1      | Reached XP level 2. HP: 15/15 MP: 6/8
   840 | D:1      | Learned a level 2 spell: Searing Ray
  2001 | D:2      | Reached XP level 3. HP: 18/19 MP: 9/9
  2286 | D:3      | Gained mutation: You have a pair of small horns on your
                  | head. [potion of mutation]
  2286 | D:3      | Gained mutation: You have sharp toenails. [potion of
                  | mutation]
  2425 | D:3      | Reached skill level 4 in Spellcasting
  2584 | D:3      | Found a shimmering blue altar of Sif Muna.
  2753 | D:3      | Found a glowing golden altar of the Shining One.
  2766 | D:3      | Found a blossoming altar of Fedhas.
  2847 | D:3      | Found a basalt altar of Yredelemnul.
  2849 | D:3      | Noticed a profane servitor
  3042 | D:3      | Reached skill level 5 in Spellcasting
  3042 | D:3      | Reached XP level 4. HP: 24/24 MP: 3/13
  3441 | D:3      | Noticed an angel
  3887 | D:4      | Reached skill level 6 in Spellcasting
  3887 | D:4      | Reached XP level 5. HP: 28/28 MP: 1/15
  3913 | D:4      | Learned a level 4 spell: Iskenderun's Mystic Blast
  4080 | D:4      | Reached skill level 7 in Spellcasting
  4205 | D:4      | Reached skill level 5 in Conjurations
  4205 | D:4      | Reached XP level 6. HP: 31/32 MP: 6/18
  4612 | D:4      | Reached skill level 1 in Translocations
  4682 | D:4      | Reached skill level 1 in Earth Magic
  4895 | D:4      | Reached skill level 1 in Evocations
  4895 | D:4      | Reached XP level 7. HP: 34/36 MP: 12/19
  5213 | D:4      | Found an iron altar of Okawaru.
  5213 | D:4      | Found an ornate altar of the Wu Jian Council.
  5245 | D:5      | Entered Level 5 of the Dungeon
  5535 | D:5      | Noticed Prince Ribbit
  5542 | D:5      | Killed Prince Ribbit
  5543 | D:5      | Reached skill level 5 in Evocations
  5721 | D:5      | Found a staircase to the Ecumenical Temple.
  5792 | D:5      | Noticed Duvessa
  5792 | D:5      | Noticed Dowan
  5804 | D:5      | Reached XP level 8. HP: 21/41 MP: 11/20
  6244 | D:5      | Killed Dowan
  6287 | D:5      | Mangled by Duvessa

Illustrated notes

Levels and vault maps discovered:
D:1:      roderic_lyre, layout_basic, serial_shops, shop
D:2:      layout_basic
D:3:      layout_loops_corners, grunt_temple_overflow_holy_war,
          mainiacjoe_overflow_paths, mainiacjoe_overflow_brackets
D:4:      layout_loops_ring, gammafunk_temple_overflow_wave, hex_large,
          nrook_loot_triangle
D:5:      layout_loops_cross, minmay_temple_entry_statues, minmay_misc_feat_iff,
          uniq_prince_ribbit1, uniq_duvessa

Skill      XL: |  1  2  3  4  5  6  7  8 |
---------------+-------------------------+-----
Spellcasting   | 5 6 7 |  7.0
Conjurations   | 5 6 |  6.0
Translocations | 2 3 |  3.0
Earth Magic    | 2 |  2.0
Evocations     | 1 5 |  5.0
Shapeshifting  | 2 4 |  4.6
Fighting       | |  0.3
Short Blades   | |  0.5
Long Blades    | |  0.3
Dodging        | |  2.6
Stealth        | |  2.6

Action                     |  1- 3 |  4- 6 |  7- 9 || total
---------------------------+-------+-------+-------++-------
  Melee: Short sword       |    29 |    14 |     2 ||    45
         Kick              |     6 |     1 |       ||     7
         Headbutt          |     4 |     1 |     4 ||     9
         Dagger            |       |       |     4 ||     4
   Cast: Magic Dart        |    46 |    31 |    14 ||    91
         Searing Ray       |    18 |    17 |    25 ||    60
         Iskenderun's Myst |       |       |     6 ||     6
    Use: Scroll            |     8 |       |     6 ||    14
         Potion            |     2 |       |     4 ||     6
   Stab: Sleeping          |     1 |     1 |       ||     2
 Armour: Skin              |    25 |       |       ||    25
         Robe              |    12 |    20 |    32 ||    64
  Dodge: Dodged            |    19 |    18 |    27 ||    64
  Block: Buckler           |       |     5 |     6 ||    11
